 Dungeon Crawl Stone Soup version 0.21-a0-257-gbb444f2 (webtiles) character file.

376966 Blomdor the Slayer (level 22, -4/194 HPs)
             Began as a Barachi Wizard on Sept 5, 2017.
             Was the Champion of Okawaru.
             Killed from afar by a frost giant (25 damage)
             ... with a bolt of cold
             ... on level 3 of the Vaults on Sept 6, 2017.
             The game lasted 02:13:03 (61586 turns).

Blomdor the Slayer (Barachi Wizard)                Turns: 61586, Time: 02:13:03

Health: -4/194     AC: 38    Str: 16    XL:     22   Next: 79%
Magic:  28/30      EV: 17    Int: 29    God:    Okawaru [******]
Gold:   3401       SH: 16    Dex: 17    Spells: 20/27 levels left

rFire    + . .     SeeInvis .   E - +8 broad axe (freeze)
rCold    + . .     Gourm    .   Z - +0 shield {rPois}
rNeg     . . .     Faith    +   q - +3 plate armour {MR+}
rPois    +         Spirit   .   W - +0 helmet of Vusium {rCorr Str+2} (curse)
rElec    +         Reflect  .   n - +2 cloak {MR+}
rCorr    +         Harm     .   a - +3 pair of gloves of Happy Babbling {Str-2 Int+4 Slay+3}
MR       +++..                  y - +0 pair of boots "Lajul" {+Inv rElec Int+4 Dex-3}
Stlth    ..........             D - amulet of faith
HPRegen  0.42/turn              N - +4 ring of slaying
MPRegen  0.22/turn              O - ring "Rauhapaj" {*Drain rF+ rC+ Dex+9}

@: heroism, can't hop, drained, slow
A: +LOS, swims, slowness 1, strong legs 2
}: 2/15 runes: decaying, gossamer
a: Hop, Heroism, Finesse, Renounce Religion, Evoke Invisibility


You were on level 3 of the Vaults.
You worshipped Okawaru.
Okawaru was exalted by your worship.
You were not hungry.

You visited 9 branches of the dungeon, and saw 41 of its levels.
You visited the Abyss 2 times.
You also visited: Labyrinth and Volcano.

You collected 5371 gold pieces.
You spent 1970 gold pieces at shops.

Inventory:

Hand Weapons
 z - the +7 war axe of Onguw {venom, rF+ MR+}
   (You found it on level 5 of the Dungeon)

   It poisons the flesh of those it strikes.
   It protects you from fire.
   It affects your resistance to hostile enchantments.
 E - a +8 broad axe of freezing (weapon)
Missiles
 I - 2 throwing nets (quivered)
Armour
 a - the +3 pair of gloves of Happy Babbling (worn) {Str-2 Int+4 Slay+3}
   (You found it on level 2 of the Lair of Beasts)

   It affects your strength (-2).
   It affects your intelligence (+4).
   It affects your accuracy and damage with ranged weapons and melee attacks
   (+3).
 g - a scarf of resistance
 m - +0 pearl dragon scales
 n - a +2 cloak of magic resistance (worn)
 p - a +2 large shield
 q - a +3 plate armour of magic resistance (worn)
 y - the +0 pair of boots "Lajul" (worn) {+Inv rElec Int+4 Dex-3}
   (Okawaru gifted it to you on level 5 of the Lair of Beasts)

   It affects your intelligence (+4).
   It affects your dexterity (-3).
   It insulates you from electricity.
   It lets you turn invisible.
 U - the +0 pair of boots "Gemokhluo" {rN+ Str+6 Dex-3}
   (You bought it in a shop on level 3 of the Elven Halls)

   It affects your strength (+6).
   It affects your dexterity (-3).
   It protects you from negative energy.
 W - the cursed +0 helmet of Vusium (worn) {rCorr Str+2}
   (You found it in a labyrinth)

   It affects your strength (+2).
   It protects you from acid and corrosion.
   It has a curse placed upon it.
 X - the +4 pair of gloves of Sloth {rC+ Int+3}
   (You found it in a labyrinth)

   It affects your intelligence (+3).
   It protects you from cold.
 Z - a +0 shield of poison resistance (worn)
Jewellery
 w - an uncursed ring of protection from cold
 C - a +2 ring of slaying
 D - an amulet of faith (around neck)
 N - a +4 ring of slaying (left hand)
 O - the ring "Rauhapaj" (right hand) {*Drain rF+ rC+ Dex+9}
   (You took it off Jorgrun on level 3 of the Crypt)

   [ring of protection from cold]

   It affects your dexterity (+9).
   It protects you from fire.
   It protects you from cold.
   It causes draining when unequipped.
 Q - an uncursed ring of fire
 R - a +6 ring of evasion
 S - the ring "Serhetas" {rCorr rF+ Dex+7}
   (You took it off a deep elf demonologist on level 3 of the Elven Halls)

   [ring of resist corrosion]

   It affects your dexterity (+7).
   It protects you from fire.
Wands
 o - a wand of digging (19/24)
Scrolls
 e - 4 scrolls of recharging
 h - 16 scrolls of remove curse
 k - 3 scrolls of enchant armour
 r - 4 scrolls of teleportation
 s - 5 scrolls of fog
 t - 4 scrolls of magic mapping
 u - 7 scrolls of fear
 K - 6 scrolls of blinking
 T - 7 scrolls of identify
 Y - 6 scrolls of immolation
Potions
 c - a potion of mutation
 f - 9 potions of curing
 i - 4 potions of agility
 x - 3 potions of haste
 A - 5 potions of magic
 B - 3 potions of cancellation
 F - 2 potions of heal wounds
 G - 4 potions of flight
 H - 4 potions of ambrosia
 J - a potion of invisibility
 L - 4 potions of resistance
 P - 5 potions of berserk rage
Miscellaneous
 b - a sack of spiders
 l - a phantom mirror
Comestibles
 d - 19 bread rations
 j - 21 royal jellies
 v - 17 meat rations
 M - 16 chunks of flesh


   Skills:
 + Level 21.4(26.2) Fighting
 - Level 18.4(23.2) Axes
 + Level 21.3(26.1) Armour
 + Level 15.0(19.8) Dodging
 - Level 1.7(6.6) Stealth
 + Level 16.9(21.7) Shields
 - Level 3.2(3.1) Spellcasting
 - Level 1.1(1.0) Conjurations
   Level 1.2(1.1) Summonings
   Level 1.1(1.0) Translocations
 - Level 6.2(6.1) Invocations
 - Level 11.5(11.4) Evocations


You had 20 spell levels left.
You knew the following spells:

 Your Spells              Type           Power        Failure   Level  Hunger
a - Magic Dart            Conj           ##..         32%         1    None
b - Mephitic Cloud        Conj/Pois/Air  #.......     77%         3    ##.....
c - Conjure Flame         Conj/Fire      #.......     75%         3    ##.....


Dungeon Overview and Level Annotations

Branches:
Dungeon (15/15)            Temple (1/1) D:5            Lair (6/6) D:11
  Swamp (4/4) Lair:2       Spider (4/4) Lair:2        Slime (0/5) Lair:6
    Orc (2/2) D:12            Elf (3/3) Orc:2        Vaults (3/5) D:14
  Crypt (3/3) Vaults:2       Tomb (0/3) Crypt:3      Depths (0/5) D:15

Altars:
Ashenzari
Cheibriados
Elyvilon
Hepliaklqana
Kikubaaqudgha
Nemelex Xobeh
Okawaru
Ru
Sif Muna
Trog
Wu Jian
Yredelemnul
The Shining One
Beogh
Jiyva

Shops:
D:7 *   Orc:2 (*?}(   Elf:3 [   Swamp:1 *   Vaults:3 ?

Portals:
Pandemonium: Orc:2


Innate Abilities, Weirdness & Mutations

Shadows flee at your approach. (+LOS)
You can swim through water.
You cover ground slowly.
You can hop longer distances.


Message History

The frost giant casts a spell at you. The bolt of cold misses you.
The frost giant casts a spell at you. The bolt of cold hits you! You resist.
* * * LOW HITPOINT WARNING * * *
The vault guard barely misses you.
You gain the combat prowess of a mighty hero.
The frost giant hits you but does no damage.
The frost giant casts a spell at you. The bolt of cold hits you! You resist.
* * * LOW HITPOINT WARNING * * *
The frost giant gestures at you while chanting.
The bolt of cold misses you.
The vault guard hits you but does no damage.
Hop to where?
Press: ? - help, Dir - move target cursor Boing!
The frost giant casts a spell at you. The bolt of cold hits you! You resist.
You die...

+..........#......#
#..........#......#
#......).).#......#
#..........#......#
#..........########
#..........#
#..........#
#..........#
#.....@....#
######'######
#........#
#...?C...#
#.....§C.+
#....C.p.#
#...)....#
#........#
#........#


You could see 2 frost giants.

Vanquished Creatures
  Khufu (Crypt:3)
  Mara (Swamp:3)
  A greater mummy (Crypt:3)
  the Lernaean hydra (Swamp:4)
  Frederick (Crypt:1)
  Jory (Vaults:2)
  A profane servitor (Crypt:3)
  Nikola (Vaults:1)
  A bone dragon (Crypt:3)
  Jorgrun (Crypt:3)
  2 deep elf blademasters (Elf:3)
  2 liches
  2 deep elf master archers (Elf:3)
  An Executioner (Abyss:4)
  4 ancient champions
  A tentacled starspawn (Abyss:4)
  3 thorn hunters
  Gastronok (Lair:2)
  Roxanne (D:14)
  A revenant (Crypt:3)
  Donald (Elf:1)
  Kirke (D:14)
  A fire giant (D:15)
  Aizul (Spider:3)
  4 ghost moths
  3 curse skulls
  3 deep elf sorcerers (Elf:3)
  3 ghouls
  3 vault wardens (Vaults:2)
  6 deep elf elementalists (Elf:3)
  A reaper (Crypt:2)
  5 emperor scorpions
  2 stone giants
  6 ironheart preservers
  An entropy weaver (Lair:2)
  6 vampire knights
  6 deep elf demonologists
  6 deep elf annihilators
  A green draconian (Abyss:4)
  3 spark wasps
  3 deep elf death magi
  15 jiangshi
  2 fire dragons
  2 ettins
  3 yaktaur captains
  A minotaur (Lab)
  2 deep elf high priests (Elf:3)
  A great orb of eyes (Vaults:1)
  A vault guard (D:14)
  18 hydras
  4 catoblepae
  2 ice dragons (Vaults:2)
  A ghost crab (Swamp:3)
  6 death knights
  2 centaur warriors
  9 death yaks
  6 alligators
  19 two-headed ogres
  5 ogre magi
  2 tengu warriors (D:15)
  A deep troll shaman (Vaults:2)
  4 vampire magi
  32 dancing weapons
  8 orc high priests
  The ghost of Munq the Severer, a novice HOFi of Beogh (Lair:1)
  A hell hog (Abyss:4)
  3 thrashing horrors (Abyss:4)
  3 hell knights
  24 deep elf knights
  A soul eater (Orc:2)
  5 shadow wraiths
  30 skeletal warriors
  A spatial maelstrom (Abyss:4)
  11 swamp dragons
  3 unseen horrors
  4 flayed ghosts
  2 spriggan druids (Swamp:4)
  An infernal demonspawn (Orc:2)
  7 deep trolls (Vaults:2)
  A glowing orange brain (shapeshifter) (Elf:1)
  A gelid demonspawn (Orc:2)
  A storm dragon skeleton (Crypt:2)
  4 shambling mangroves
  A wizard (Vaults:1)
  9 phantasmal warriors
  16 deep elf archers
  3 ironbrand convokers
  9 orc knights
  4 harpies (D:15)
  19 orb spiders
  11 orc sorcerers
  6 necromancers
  23 ugly things
  A fire giant zombie (Crypt:2)
  31 wolf spiders
  An iron giant skeleton (Crypt:2)
  2 manticores (Lair:6)
  A stone giant zombie (Vaults:3)
  A worldbinder (Abyss:4)
  A moth of wrath (Spider:4)
  8 cyclopes
  3 black mambas
  59 deep elf magi
  A frost giant zombie (Crypt:2)
  A rust devil (Orc:2)
  A stone giant skeleton (Crypt:3)
  An apocalypse crab (Abyss:4)
  2 shock serpent zombies (Crypt:1)
  3 smoke demons
  2 centaur zombies
  3 elephants (Lair:5)
  2 gargoyles
  3 vault sentinels
  2 molten gargoyles (Volcano)
  20 spiny frogs
  2 orange demons (Orc:2)
  2 torpor snails
  A dire elephant skeleton (Crypt:2)
  6 yaktaurs (Vaults:2)
  3 kobold demonologists
  9 demonic crawlers
  An efreet (D:15)
  A yaktaur skeleton (Vaults:2)
  7 komodo dragons
  A red devil (Orc:2)
  5 freezing wraiths
  A polar bear (shapeshifter) (Vaults:2)
  2 hydra zombies (Swamp:4)
  A yellow draconian zombie (Crypt:1)
  An ancient zyme (Abyss:4)
  A harpy zombie (Crypt:2)
  6 trolls
  A queen bee (Lair:2)
  7 tyrant leeches
  22 jumping spiders
  A raiju (Abyss:4)
  8 blink frogs
  25 hornets
  30 slime creatures
  3 large abominations (Abyss:4)
  11 bog bodies
  An ettin zombie (Vaults:3)
  7 hippogriffs
  49 flying skulls (Crypt:3)
  6 small abominations
  A human simulacrum (Vaults:2)
  3 air elementals
  Sigmund (D:4)
  5 wyverns
  An ettin skeleton (Vaults:2)
  A ynoxinul (Abyss:4)
  57 yaks
  A spriggan (shapeshifter) (Vaults:1)
  10 spriggans
  7 wraiths
  3 shadows
  13 tarantellas
  30 redbacks
  A wind drake zombie (Crypt:1)
  5 fire elementals
  A hog (D:14)
  A human (shapeshifter) (Vaults:2)
  A basilisk (Lair:3)
  2 water elementals
  2 fire bats (Volcano)
  2 steam dragons (D:10)
  Menkaure (D:7)
  3 chaos spawn
  7 vampire mosquitoes
  A neqoxec (Orc:2)
  2 spatial vortices (Abyss:4)
  18 swamp worms
  6 wargs
  15 insubstantial wisps
  A hell hound (Volcano)
  5 water moccasins
  The ghost of LogicNinja the Magician, an amateur DEFE (D:4)
  A hydra simulacrum (Crypt:3)
  3 porcupines
  A two-headed ogre skeleton (Crypt:2)
  A deep troll zombie (Vaults:3)
  A floating eye (D:12)
  A deep troll skeleton (Crypt:1)
  11 swamp drakes
  38 orc warriors
  3 sky beasts
  10 necrophages
  A starcursed mass (Crypt:3)
  2 eyes of draining
  6 ice beasts
  5 black bears
  3 phantoms
  A swamp dragon zombie (Swamp:4)
  2 wolves (Lair:4)
  11 boggarts
  29 ogres
  14 centaurs
  A crocodile (shapeshifter) (Vaults:3)
  13 crocodiles
  13 big kobolds
  14 bullfrogs
  A gnoll sergeant (D:8)
  10 earth elementals
  13 human skeletons (Vaults:2)
  A water moccasin zombie (Crypt:2)
  A wyvern zombie (D:9)
  A warg zombie (Crypt:2)
  5 scorpions
  3 water moccasin skeletons
  30 killer bees
  13 wights
  3 electric eels
  A howler monkey (D:12)
  5 lava snakes (Volcano)
  2 bullfrog zombies
  7 crimson imps
  Crazy Yiuf (D:4)
  4 bullfrog skeletons
  A demonspawn zombie (Crypt:1)
  8 jellies
  9 hounds
  22 orc priests
  26 orc wizards
  4 centaur skeletons
  An iguana (D:8)
  14 worker ants
  2 crocodile zombies
  A crocodile skeleton (Crypt:1)
  An acid dragon skeleton (Crypt:1)
  A hound zombie (D:10)
  2 mummies (Crypt:3)
  A worker ant zombie (D:9)
  8 gnolls
  14 adders
  6 shadow imps
  A white imp (Abyss:4)
  An ufetubus (Abyss:4)
  6 oozes
  2 adder zombies
  A dart slug (D:4)
  5 leopard geckos
  84 orcs
  5 giant cockroaches
  6 goblins
  7 hobgoblins
  15 jackals
  5 kobolds
  4 quokkas
  2 ball pythons (D:2)
  A ball python zombie (Crypt:2)
  12 bats
  7 frilled lizards
  2 leopard gecko skeletons
  A quokka zombie (D:8)
  11 rats
  A rat zombie (D:8)
  4 briar patches (Swamp:3)
  2 bushes (Lair:6)
  7 fungi
  10 plants
  A starspawn tentacle (Abyss:4)
1633 creatures vanquished.

Vanquished Creatures (collateral kills)
  A dancing weapon (Elf:2)
  A scorpion (D:8)
2 creatures vanquished.

Vanquished Creatures (others)
  A hydra (Swamp:1)
  A centaur warrior (D:15)
  4 deep elf archers
  A spiny frog (Swamp:3)
  A jumping spider (Spider:2)
  2 humans
  A crimson imp (D:15)
  A kobold (Orc:1)
  A briar patch (Swamp:3)
  6 fungi
  A plant (Lair:3)
  5 starspawn tentacles (Abyss:4)
25 creatures vanquished.

Grand Total: 1660 creatures vanquished

Notes
Turn   | Place    | Note
-------+----------+-------------------------------------------
     0 | D:1      | Blomdor the Barachi Wizard began the quest for the Orb.
     0 | D:1      | Reached XP level 1. HP: 13/13 MP: 4/4
    56 | D:1      | Reached skill level 1 in Fighting
    97 | D:1      | Reached XP level 2. HP: 5/22 MP: 4/6
   819 | D:1      | Reached XP level 3. HP: 23/29 MP: 7/7
   931 | D:2      | Learned a level 3 spell: Mephitic Cloud
   935 | D:2      | Learned a level 3 spell: Conjure Flame
   952 | D:2      | Found an ancient bone altar of Kikubaaqudgha.
   952 | D:2      | Found a snail-covered altar of Cheibriados.
  1237 | D:2      | Reached skill level 1 in Axes
  1629 | D:2      | Reached XP level 4. HP: 35/35 MP: 8/8
  2338 | D:3      | Reached XP level 5. HP: 14/41 MP: 9/9
  2805 | D:3      | HP: 1/41 [worker ant (6)]
  3178 | D:3      | Reached skill level 5 in Axes
  3178 | D:3      | Reached XP level 6. HP: 47/47 MP: 10/10
  3480 | D:4      | Noticed Sigmund
  3805 | D:4      | Killed Sigmund
  3805 | D:4      | Reached XP level 7. HP: 19/52 MP: 6/11
  4041 | D:4      | Noticed LogicNinja's ghost (amateur DEFE)
  4062 | D:4      | Killed LogicNinja's ghost
  4062 | D:4      | Reached skill level 1 in Armour
  5170 | D:4      | Found a runed door.
  5291 | D:4      | Reached skill level 1 in Shields
  5431 | D:4      | Reached XP level 8. HP: 60/60 MP: 9/12
  5635 | D:4      | Noticed Crazy Yiuf
  5651 | D:4      | Killed Crazy Yiuf
  5762 | D:5      | Entered Level 5 of the Dungeon
  6016 | D:5      | Got a translucent war axe
  6017 | D:5      | Identified the +7 war axe of Onguw {venom, rF+ MR+} (You found it on level 5 of the Dungeon)
  6220 | D:5      | Found a staircase to the Ecumenical Temple.
  6235 | Temple   | Entered the Ecumenical Temple
  6241 | Temple   | Became a worshipper of Warmaster Okawaru
  6826 | D:6      | Reached skill level 5 in Fighting
  6907 | D:6      | Reached * piety under Okawaru
  6935 | D:6      | Reached skill level 1 in Invocations
  6935 | D:6      | Reached XP level 9. HP: 26/68 MP: 13/13
  7682 | D:7      | Reached skill level 5 in Armour
  7700 | D:7      | Found a shattered altar of Ashenzari.
  7746 | D:7      | Found Hasadal's Assorted Antiques.
  7757 | D:7      | Bought a tourmaline ring for 160 gold pieces
  7757 | D:7      | Bought an amethyst potion for 28 gold pieces
  7771 | D:7      | Reached skill level 10 in Axes
  7824 | D:7      | Found a basalt altar of Yredelemnul.
  7986 | D:7      | Noticed Menkaure
  7990 | D:7      | Killed Menkaure
  7990 | D:7      | Reached ** piety under Okawaru
  8660 | D:8      | Reached XP level 10. HP: 22/79 MP: 14/14
  8930 | D:8      | Noticed a two-headed ogre
  8937 | D:8      | Killed a two-headed ogre
  8937 | D:8      | Reached *** piety under Okawaru
  9829 | D:9      | Noticed a two-headed ogre
  9834 | D:9      | Killed a two-headed ogre
  9834 | D:9      | Reached **** piety under Okawaru
  9863 | D:9      | Received a gift from Okawaru
 10256 | D:10     | Entered Level 10 of the Dungeon
 10433 | D:10     | Reached XP level 11. HP: 73/87 MP: 15/15
 10695 | D:10     | Reached skill level 5 in Invocations
 11202 | D:11     | Noticed a two-headed ogre
 11208 | D:11     | Reached ***** piety under Okawaru
 11222 | D:11     | Killed a two-headed ogre
 11595 | D:11     | Noticed a cyan ugly thing
 11607 | D:11     | Killed a cyan ugly thing
 11839 | D:11     | Noticed a two-headed ogre
 11845 | D:11     | Killed a two-headed ogre
 12532 | D:11     | Found a staircase to the Lair.
 12875 | D:12     | Reached skill level 10 in Fighting
 12920 | D:12     | Noticed a brown ugly thing
 12937 | D:12     | Killed a brown ugly thing
 12937 | D:12     | Reached XP level 12. HP: 26/97 MP: 13/16
 13164 | D:12     | Noticed a two-headed ogre
 13164 | D:12     | Found a staircase to the Orcish Mines.
 13208 | D:12     | Killed a two-headed ogre
 13536 | D:12     | Noticed a two-headed ogre
 13540 | D:12     | Received a gift from Okawaru
 13550 | D:12     | Killed a two-headed ogre
 13556 | D:12     | Paralysed by a floating eye for 4 turns
 13561 | D:12     | Noticed a two-headed ogre
 13565 | D:12     | Paralysed by a floating eye for 4 turns
 13598 | D:12     | Killed a two-headed ogre
 13772 | D:12     | Reached skill level 10 in Armour
 14342 | D:12     | Noticed a centaur warrior
 14357 | D:12     | Killed a centaur warrior
 15051 | D:12     | Received a gift from Okawaru
 15249 | Orc:1    | Entered Level 1 of the Orcish Mines
 15267 | Orc:1    | Noticed a soul eater
 15685 | D:12     | Reached skill level 5 in Shields
 15982 | Orc:2    | Entered Level 2 of the Orcish Mines
 15982 | Orc:2    | Found a staircase to the Elven Halls.
 16027 | Orc:2    | Found Ukhloukh's Weapon Boutique.
 16205 | Orc:2    | Noticed an orc high priest
 16231 | Orc:2    | Killed an orc high priest
 16640 | Orc:1    | Noticed an ettin
 16758 | Lair:1   | Entered Level 1 of the Lair of Beasts
 16837 | Lair:1   | Gained mutation: You can hop longer distances. [Barachi growth]
 16837 | Lair:1   | Reached XP level 13. HP: 76/106 MP: 17/17
 16904 | Lair:1   | Reached skill level 15 in Axes
 17280 | Lair:1   | Received a gift from Okawaru
 18001 | Lair:1   | Noticed Munq's ghost (novice HOFi)
 18022 | Lair:1   | Killed Munq's ghost
 18247 | Lair:2   | Found a staircase to the Swamp.
 18301 | Lair:2   | Noticed Gastronok
 18318 | Lair:2   | Killed Gastronok
 18540 | Lair:2   | Got a pair of pitted gloves
 18551 | Lair:2   | Identified the +3 pair of gloves of Happy Babbling {Str-2 Int+4 Slay+3} (You found it on level 2 of the Lair of Beasts)
 18606 | Lair:2   | Reached ****** piety under Okawaru
 18629 | Lair:2   | Received a gift from Okawaru
 18876 | Lair:2   | Found a hole to the Spider Nest.
 18934 | Lair:2   | Received a gift from Okawaru
 19560 | Lair:3   | Found a labyrinth entrance.
 19571 | Lab      | Entered a labyrinth
 19811 | Lab      | Noticed a minotaur
 19818 | Lab      | Killed a minotaur
 19964 | Lab      | Got a crude helmet
 19964 | Lab      | Got a pair of ancient gloves
 19965 | Lab      | Identified the cursed +0 helmet of Vusium {rCorr Str+2} (You found it in a labyrinth)
 19987 | Lab      | Identified the +4 pair of gloves of Sloth {rC+ Int+3} (You found it in a labyrinth)
 20475 | Lair:3   | Found a runed door.
 21078 | Lair:3   | Reached skill level 5 in Dodging
 21372 | Lair:4   | Reached XP level 14. HP: 67/116 MP: 18/18
 22474 | Lair:5   | Found a dark tunnel.
 22491 | Volcano  | Entered a volcano
 22904 | Volcano  | Found a radiant altar of Vehumet.
 23219 | Lair:5   | Received a gift from Okawaru
 23222 | Lair:5   | Got a pair of bloodstained boots {god gift}
 23223 | Lair:5   | Identified the +0 pair of boots "Lajul" {+Inv rElec Int+4 Dex-3} (Okawaru gifted it to you on level 5 of the Lair of Beasts)
 24023 | Lair:6   | Entered Level 6 of the Lair of Beasts
 24186 | Lair:6   | Found a viscous altar of Jiyva.
 24188 | Lair:6   | Found a staircase to the Slime Pits.
 25141 | Lair:6   | Found the +7 Spriggan's Knife {MR+ EV+4 Dex+4 Stlth+}
 25838 | Orc:1    | Found a roughly hewn altar of Beogh.
 26207 | Orc:1    | Reached XP level 15. HP: 117/124 MP: 19/19
 26389 | Orc:2    | Found Atearuom's Magic Scroll Boutique.
 26392 | Orc:2    | Found Lieklisi's General Store.
 26414 | Orc:2    | Received a gift from Okawaru
 26789 | Orc:2    | Bought a scroll of identify for 34 gold pieces
 26789 | Orc:2    | Bought a scroll of identify for 34 gold pieces
 26789 | Orc:2    | Bought a scroll of identify for 34 gold pieces
 26789 | Orc:2    | Bought a scroll of teleportation for 51 gold pieces
 26789 | Orc:2    | Bought a scroll of enchant weapon for 127 gold pieces
 26793 | Orc:2    | Bought 3 scrolls of enchant armour for 292 gold pieces
 26793 | Orc:2    | Bought a scroll of identify for 26 gold pieces
 26894 | Orc:2    | HP: 3/125 [orc high priest/divine providence (15)]
 27950 | Orc:2    | Received a gift from Okawaru
 27958 | Orc:2    | Found Liju's Gadget Shoppe.
 27958 | Orc:2    | Found a one-way gate leading to the halls of Pandemonium.
 27958 | Orc:2    | Found Kehyghy's Antique Weapon Emporium.
 29111 | D:14     | Noticed Roxanne
 29135 | D:14     | Killed Roxanne
 29136 | D:14     | Identified Roxanne's Incunabulum of Transmutation (You took it off Roxanne on level 14 of the Dungeon)
 29227 | D:14     | Noticed Kirke
 29249 | D:14     | Killed Kirke
 29559 | D:14     | Found a sacrificial altar of Ru.
 29743 | D:14     | Found a gate to the Vaults.
 30014 | D:15     | Entered Level 15 of the Dungeon
 30527 | D:15     | Reached XP level 16. HP: 111/134 MP: 20/20
 30537 | D:15     | Received a gift from Okawaru
 30709 | D:15     | Found a staircase to the Depths.
 31147 | Elf:1    | Entered Level 1 of the Elven Halls
 31167 | Elf:1    | Reached skill level 10 in Dodging
 31415 | Elf:1    | Reached skill level 15 in Fighting
 32196 | Elf:1    | Noticed Donald
 32212 | Elf:1    | Killed Donald
 32646 | Elf:1    | Received a gift from Okawaru
 32654 | Elf:1    | Reached skill level 15 in Armour
 33055 | Elf:1    | Got a brightly glowing scale mail
 33690 | Elf:2    | Received a gift from Okawaru
 34078 | Elf:2    | Found a runed gate.
 34080 | Elf:2    | Reached XP level 17. HP: 144/144 MP: 21/21
 34083 | Elf:2    | Found a runed gate.
 34084 | Elf:2    | Found a runed gate.
 34110 | Elf:2    | Reached skill level 1 in Evocations
 34504 | Elf:2    | Received a gift from Okawaru
 34507 | Elf:2    | Got an iridescent war axe {god gift}
 34508 | Elf:2    | Identified the +11 war axe of Midsummer {chop, Int+4} (Okawaru gifted it to you on level 2 of the Elven Halls)
 34910 | Spider:1 | Entered Level 1 of the Spider Nest
 35679 | Spider:1 | Identified the +7 scale mail of the Bulwark {MR+} (You found it on level 1 of the Elven Halls)
 35741 | Spider:2 | Received a gift from Okawaru
 35749 | Spider:2 | Reached skill level 10 in Shields
 37209 | Spider:3 | Noticed Aizul
 37230 | Spider:3 | Killed Aizul
 37435 | Spider:4 | Entered Level 4 of the Spider Nest
 37491 | Spider:4 | Reached skill level 5 in Evocations
 37855 | Spider:4 | Received a gift from Okawaru
 38728 | Spider:4 | Reached XP level 18. HP: 151/153 MP: 22/22
 40058 | Spider:4 | Got a gossamer rune of Zot
 40228 | Swamp:1  | Entered Level 1 of the Swamp
 40398 | Swamp:1  | Found Haggefac's Island Escapes.
 40413 | Swamp:1  | Received a gift from Okawaru
 40424 | Swamp:1  | Bought a scroll of teleportation for 45 gold pieces
 40424 | Swamp:1  | Bought a scroll of teleportation for 45 gold pieces
 40424 | Swamp:1  | Bought a scroll of blinking for 112 gold pieces
 40424 | Swamp:1  | Bought a scroll of blinking for 112 gold pieces
 41017 | Swamp:2  | Received a gift from Okawaru
 41779 | Swamp:3  | Received a gift from Okawaru
 42345 | Swamp:3  | Noticed Mara
 42368 | Swamp:3  | Killed Mara
 43329 | Swamp:4  | Entered Level 4 of the Swamp
 43357 | Swamp:4  | Reached XP level 19. HP: 161/163 MP: 25/25
 43968 | Swamp:4  | Received a gift from Okawaru
 44264 | Swamp:4  | Noticed the 27-headed Lernaean hydra
 44282 | Swamp:4  | Killed the 14-headed Lernaean hydra
 44660 | Swamp:4  | Got a decaying rune of Zot
 45194 | Elf:2    | Reached skill level 10 in Evocations
 45829 | Elf:2    | Cast into level 4 of the Abyss (executioner's axe of distortion)
 45829 | Abyss:4  | Found a corrupted altar of Lugonu.
 45884 | Abyss:5  | Entered Level 5 of the Abyss
 45889 | Elf:2    | Escaped the Abyss
 46070 | Elf:2    | Received a gift from Okawaru
 46291 | Elf:3    | Entered Level 3 of the Elven Halls
 47057 | Elf:3    | Got a vibrating bronze ring
 47057 | Elf:3    | Got a bound brass ring
 47319 | Elf:3    | Received a gift from Okawaru
 47319 | Elf:3    | Reached XP level 20. HP: 174/174 MP: 25/28
 47805 | Elf:3    | Got a glittering granite ring
 47818 | Elf:3    | Got a bound zirconium amulet
 47823 | Elf:3    | Identified the ring "Wifi" {Ice Int+4 SInv Stlth+} (You took it off a deep elf blademaster on level 3 of the Elven Halls)
 47825 | Elf:3    | Identified the amulet "Horchoc" {RegenMP rPois rC- MR+ Stlth+} (You took it off a deep elf mage on level 3 of the Elven Halls)
 47827 | Elf:3    | Identified the ring "Serhetas" {rCorr rF+ Dex+7} (You took it off a deep elf demonologist on level 3 of the Elven Halls)
 47828 | Elf:3    | Identified the ring "Bewiqil" {rPois Int+5 Dex+2} (You took it off a deep elf blademaster on level 3 of the Elven Halls)
 47969 | Elf:3    | Got a pair of pitted gloves {god gift}
 47970 | Elf:3    | Identified the -4 pair of gloves of the Trees {Int+3} (Okawaru gifted it to you on level 3 of the Elven Halls)
 48224 | Elf:3    | Found Juxerodue's Armour Boutique.
 48289 | Elf:3    | Bought the +0 pair of boots "Gemokhluo" {rN+ Str+6 Dex-3} for 330 gold pieces
 48719 | Vaults:1 | Entered Level 1 of the Vaults
 48727 | Vaults:1 | Got a transparent chain mail
 48728 | Vaults:1 | Identified the +2 chain mail of Hedging {rN++ Dex-5} (You found it on level 1 of the Vaults)
 49529 | Vaults:1 | Received a gift from Okawaru
 49914 | Vaults:1 | Noticed Nikola
 49927 | Vaults:1 | Killed Nikola
 49929 | Vaults:1 | Got a pair of smoking gloves
 49930 | Vaults:1 | Identified the +2 pair of gloves of the Maze {rN+ Int+4} (You took it off Nikola on level 1 of the Vaults)
 50544 | Vaults:2 | Noticed Jory
 50575 | Vaults:2 | Killed Jory
 51152 | Vaults:2 | Received a gift from Okawaru
 51240 | Vaults:2 | Reached XP level 21. HP: 140/182 MP: 29/29
 51244 | Vaults:2 | Received a gift from Okawaru
 51252 | Vaults:2 | Reached skill level 15 in Shields
 51849 | Vaults:2 | Found a staircase to the Crypt.
 52844 | Crypt:1  | Entered Level 1 of the Crypt
 52898 | Crypt:1  | Paralysed by a vampire knight for 4 turns
 52985 | Crypt:1  | Paralysed by a vampire knight for 6 turns
 53732 | Crypt:1  | Noticed Frederick
 53747 | Crypt:1  | Killed Frederick
 53777 | Crypt:1  | Received a gift from Okawaru
 55085 | Crypt:2  | Received a gift from Okawaru
 55708 | Crypt:3  | Entered Level 3 of the Crypt
 56032 | Crypt:3  | Found an ancient bone altar of Kikubaaqudgha.
 56496 | Crypt:3  | Noticed a greater mummy
 56502 | Crypt:3  | Noticed Khufu
 56961 | Crypt:3  | Reached XP level 22. HP: 161/192 MP: 28/30
 57305 | Crypt:3  | Paralysed by something for 4 turns
 57316 | Crypt:3  | Noticed Jorgrun
 57322 | Crypt:3  | Found a staircase to the Tomb.
 58710 | Crypt:3  | Killed a greater mummy
 58710 | Crypt:3  | Received a gift from Okawaru
 58884 | Crypt:3  | Killed Khufu
 58961 | Crypt:3  | Cast into level 4 of the Abyss (a lich)
 59463 | Crypt:3  | Escaped the Abyss
 59773 | Crypt:3  | Paralysed by something for 3 turns
 59921 | Crypt:3  | Killed Jorgrun
 59923 | Crypt:3  | Got a serpentine copper ring
 60185 | Crypt:3  | Identified the ring "Rauhapaj" {*Drain rF+ rC+ Dex+9} (You took it off Jorgrun on level 3 of the Crypt)
 60308 | Crypt:3  | Received a gift from Okawaru
 60627 | Crypt:3  | Noticed a profane servitor
 60643 | Crypt:3  | Killed a profane servitor
 61430 | Vaults:3 | Reached skill level 15 in Dodging
 61463 | Vaults:3 | Found Votize's Magic Scroll Shop.
 61472 | Vaults:3 | Bought a scroll of identify for 38 gold pieces
 61472 | Vaults:3 | Bought a scroll of blinking for 142 gold pieces
 61472 | Vaults:3 | Bought a scroll of identify for 38 gold pieces
 61472 | Vaults:3 | Bought a scroll of identify for 38 gold pieces
 61472 | Vaults:3 | Bought a scroll of identify for 38 gold pieces
 61472 | Vaults:3 | Bought a scroll of identify for 38 gold pieces
 61472 | Vaults:3 | Bought a scroll of enchant weapon for 142 gold pieces
 61472 | Vaults:3 | Bought a scroll of magic mapping for 66 gold pieces
 61586 | Vaults:3 | Killed from afar by a frost giant

Vault maps used:
D:1:      lemuel_arrival_room, minmay_misc_feat_chi
D:2:      kennysheep_big_flooded_room,
          chequers_temple_overflow_statue_of_worship, minmay_pentomino_p4
D:3:      cheibrodos_gnoll_hut
D:4:      nrook_loot_triangle, nicolae_underground_beach, uniq_sigmund,
          uniq_crazy_yiuf_cottage
D:5:      minmay_temple_entry_glassed_door, first_bread
D:7:      lemuel_doored_altar, lemuel_round_altar, serial_shops,
          nicolae_shop_temple_entry_statues_fountains, uniq_menkaure
D:8:      kennysheep_spiral_hall, enter_ossuary_4
D:9:      hangedman_little_slice_of_home
D:10:     cheibrodos_steamvent
D:11:     grunt_lair_entry_orc_guard_hut
D:12:     erik_orc_3, st_stairs_10, onia_ninara_cookie
D:14:     david_vaults_5, minivault_16, nicolae_ru_the_path_less_chosen,
          uniq_roxanne, uniq_kirke
D:15:     grunt_enter_depths_giant_problem, hangedman_decor_clover_reticule
Temple:   eino_narrow_crystal_temple
Lair:1:   serial_bayou, serial_bayou_pond_c, serial_bayou_crossing,
          serial_bayou_pond_d, serial_bayou_shore_b, st_stairs_13, wad_woods_02
Lair:2:   swamp_mist, nicolae_spider_entry_tight_spaces, special_room,
          hibernation_bobbens, uniq_gastronok
Lair:3:   lab_entry_generic, pf_torpor_hydra, lemuel_fruit_fields,
          grunt_megastairs_4
Lair:4:   kilobyte_rumbling_trees
Lair:5:   nicolae_volcano_entry_lava_flow
Lair:6:   evilmike_catoblepas_cave, slime_altar_1
Swamp:1:  hangedman_swamp_cone, swamp_pool5, nicolae_island_escapes
Swamp:2:  infiniplex_staircase_pool_2, nicolae_swamp_little_tower
Swamp:3:  evilmike_swamp_ruin_house_4, uniq_mara
Swamp:4:  swamp_old_school, swamp_pool4, nicolae_swamp_necromancer_hut,
          infiniplex_staircase_pool
Spider:1: spider_trap, hangedman_spider_mandibles
Spider:3: uniq_aizul
Spider:4: grunt_spider_rune_island, spider_trap
Orc:1:    basic_altar, special_room
Orc:2:    pf_orc_diabolical, serial_shops, shop_fountains
Elf:1:    elf_arrival_001, evilmike_minifort, uniq_donald
Elf:2:    lemuel_elevator
Elf:3:    elf_hall, serial_shops, shop
Vaults:1: vaults_standard_mumra_lines, vaults_dpeg_encased_lava,
          vaults_room_fancy_cross, vaults_room_hallway, vaults_room_pools,
          vaults_room_stairs_pillars, ontoclasm_vaults_shout,
          nicolae_vaults_sealed_display, uniq_nikola
Vaults:2: vaults_room_grid, hangedman_vaults_capsules,
          nicolae_vaults_border_crossing, nicolae_vaults_network_s,
          nicolae_vaults_gold_heap, v_misc_27,
          nicolae_vaults_windows_and_doors_thing, grunt_vaults_hallway_short,
          minmay_crypt_entry_simple_corners, vaults_room_fancy_cross,
          hangedman_vaults_stretched_pinwheel, ontoclasm_vaults_gateway,
          dpeg_vaults_monster_row, uniq_jory
Vaults:3: vaults_room_grid, nicolae_vaults_angled_halls, v_alt_pattern_2,
          v_alt_pattern_6, vaults_dpeg_spiral, hangedman_vaults_impose,
          st_hourglassy, vaults_room_stairs_pillars, serial_shops,
          nicolae_shop_crystal, nicolae_shop_waterfront, shop
Crypt:1:  uniq_frederick
Crypt:2:  small_statue_intersection
Crypt:3:  grunt_crypt_end_deaths_head, uniq_jorgrun, uniq_khufu
Abyss:4:  due_evilmike_abyss_rune_seething_liches,
          evilmike_nicolae_abyss_rune_containment_curve,
          evilmike_abyss_exit_mutagenic
Abyss:5:  evilmike_abyss_exit_14, evilmike_abyss_exit_10,
          hangedman_steaming_rock, nicolae_abyss_rune_left_handed,
          evilmike_abyss_exit_17, minivault_28
Lab:      labyrinth_mini_lab
Volcano:  volcano_lake

Skill      XL: |  1  2  3  4  5  6  7  8  9 10 11 12 13 14 15 16 17 18 19 20 21 22 |
---------------+-------------------------------------------------------------------+-----
Fighting       | 1 3 4 5 7 8 10 11 12 13 14 15 16 18 19 20 21 | 21.4
Axes           | 2 4 5 7 8 9 10 12 13 14 16 17 18 | 18.4
Armour         | 2 4 6 7 9 10 12 13 14 15 16 17 18 19 20 21 | 21.3
Shields        | 1 2 5 6 9 11 12 13 14 16 | 16.9
Invocations    | 1 3 4 6 |  6.2
Dodging        | 5 7 9 11 12 14 15 | 15.0
Evocations     | 6 9 11 | 11.5
Stealth        | |  1.7
Spellcasting   | |  3.2
Conjurations   | |  1.1
Summonings     | |  1.2
Translocations | |  1.1

Action                   |  1- 3 |  4- 6 |  7- 9 | 10-12 | 13-15 | 16-18 | 19-21 | 22-24 || total
-------------------------+-------+-------+-------+-------+-------+-------+-------+-------++-------
Melee: Spear             |    23 |       |       |       |       |       |       |       ||    23
       Unarmed           |     1 |       |       |       |       |       |       |       ||     1
       Mace              |    46 |    40 |   175 |       |       |       |       |       ||   261
       Hand axe          |    15 |    93 |       |       |       |    79 |   142 |       ||   329
       Battleaxe         |       |       |    11 |       |       |       |       |       ||    11
       War axe           |       |       |   157 |   678 |  1247 |  1109 |       |       ||  3191
       Morningstar       |       |       |       |       |     6 |       |       |       ||     6
       Broad axe         |       |       |       |       |       |   287 |  1624 |   477 ||  2388
 Fire: Hunting sling     |    50 |    43 |    19 |       |       |       |       |       ||   112
 Cast: Magic Dart        |     8 |    19 |     7 |       |       |       |       |       ||    34
       Mephitic Cloud    |       |     1 |     5 |       |       |       |       |       ||     6
Invok: Heroism           |       |       |     2 |    18 |    18 |    13 |    14 |     5 ||    70
       Finesse           |       |       |       |       |       |     2 |     2 |     1 ||     5
 Abil: Hop               |       |     4 |     4 |     4 |     4 |     8 |     3 |     5 ||    32
Evoke: Wand              |       |       |       |     9 |     1 |     5 |     4 |       ||    19
       Sack of spiders   |       |       |       |       |       |       |     2 |       ||     2
       Phial of floods   |       |       |       |       |       |       |     1 |       ||     1
  Use: Scroll            |     2 |     5 |     8 |    10 |    10 |    19 |    19 |    10 ||    83
       Potion            |       |     6 |     1 |     3 |     2 |     9 |     2 |     7 ||    30
 Stab: Sleeping          |     1 |     2 |     2 |     2 |       |       |       |       ||     7
       Confused          |       |       |     1 |       |       |     1 |       |       ||     2
       Distracted        |       |       |     1 |       |       |     1 |       |       ||     2
       Paralysed         |       |       |       |     2 |     1 |       |       |       ||     3
       Petrified         |       |       |       |       |     5 |       |       |       ||     5
  Eat: Chunk             |     3 |     7 |    18 |    27 |    40 |    29 |    29 |     5 ||   158
       Fruit             |       |       |       |     3 |     9 |     1 |     5 |       ||    18
       Royal jelly       |       |       |       |       |       |     3 |     7 |     6 ||    16
       Meat ration       |       |       |       |       |       |     2 |       |       ||     2
Armor: Robe              |    48 |    28 |    89 |     3 |       |       |       |       ||   168
       Skin              |       |    15 |    34 |       |       |       |       |    42 ||    91
       Scale mail        |       |       |       |   195 |    87 |       |       |       ||   282
       Pearl dragon scal |       |       |       |       |   256 |       |   127 |   147 ||   530
       Chain mail        |       |       |       |       |     8 |       |       |       ||     8
       Plate armour      |       |       |       |       |    98 |   961 |   497 |    29 ||  1585
Dodge: Dodged            |   135 |    95 |   238 |   195 |   572 |   764 |   711 |   281 ||  2991
Block: Buckler           |       |       |    35 |   179 |   369 |    72 |       |       ||   655
       Reflection        |       |       |       |     5 |    10 |    38 |       |       ||    53
       Shield            |       |       |       |       |       |   753 |   837 |   313 ||  1903

Table legend:
 A = Spawn XP
 B = Non-spawn XP
 C = Spawn XP percentage of total XP
 D = Spawn monster count
 E = Non-spawn monster count
 F = Spawn count percentage of total count
 G = Total turns spent on level
                    A         B        C        D         E        F      G
               +---------+---------+-------+---------+---------+-------+---------
         Total |    8384 |  676532 |   1.2 |      15 |    1601 |   0.9 | 61586
               +---------+---------+-------+---------+---------+-------+---------
           D:1 |       0 |      36 |   0.0 |       0 |      19 |   0.0 |   973
           D:2 |       0 |      61 |   0.0 |       0 |      23 |   0.0 |  1157
           D:3 |       0 |     358 |   0.0 |       0 |      35 |   0.0 |  1971
           D:4 |       0 |     940 |   0.0 |       0 |      25 |   0.0 |  1661
           D:5 |       0 |     258 |   0.0 |       0 |      13 |   0.0 |   824
           D:6 |       0 |     970 |   0.0 |       0 |      20 |   0.0 |   996
           D:7 |       0 |     956 |   0.0 |       0 |      19 |   0.0 |   420
           D:8 |       0 |    2387 |   0.0 |       0 |      33 |   0.0 |  1246
           D:9 |       0 |    2166 |   0.0 |       0 |      24 |   0.0 |   994
          D:10 |       0 |    2727 |   0.0 |       0 |      29 |   0.0 |   944
          D:11 |       0 |    5575 |   0.0 |       0 |      42 |   0.0 |  1691
          D:12 |       0 |   11614 |   0.0 |       0 |      62 |   0.0 |  3244
          D:13 |       0 |    4441 |   0.0 |       0 |      20 |   0.0 |   679
          D:14 |       0 |   12008 |   0.0 |       0 |      24 |   0.0 |  1144
          D:15 |       0 |   14420 |   0.0 |       0 |      36 |   0.0 |  1035
        Lair:1 |       0 |    6003 |   0.0 |       0 |      26 |   0.0 |  1542
        Lair:2 |       0 |   10287 |   0.0 |       0 |      42 |   0.0 |  1317
        Lair:3 |       0 |    4392 |   0.0 |       0 |      14 |   0.0 |  1338
        Lair:4 |       0 |    6667 |   0.0 |       0 |      23 |   0.0 |  1292
        Lair:5 |       0 |    5376 |   0.0 |       0 |      19 |   0.0 |   956
        Lair:6 |       0 |   15060 |   0.0 |       0 |      37 |   0.0 |  1583
       Swamp:1 |       0 |   14431 |   0.0 |       0 |      39 |   0.0 |   796
       Swamp:2 |       0 |   15084 |   0.0 |       0 |      45 |   0.0 |   793
       Swamp:3 |       0 |   21990 |   0.0 |       0 |      25 |   0.0 |  1876
       Swamp:4 |       0 |   31683 |   0.0 |       0 |      56 |   0.0 |  1275
      Spider:1 |       0 |    6194 |   0.0 |       0 |      15 |   0.0 |   734
      Spider:2 |       0 |    5219 |   0.0 |       0 |      14 |   0.0 |   649
      Spider:3 |       0 |   21051 |   0.0 |       0 |      40 |   0.0 |  2184
      Spider:4 |       0 |   34517 |   0.0 |       0 |      68 |   0.0 |  1645
         Orc:1 |       0 |    3577 |   0.0 |       0 |      45 |   0.0 |   648
         Orc:2 |       0 |   21395 |   0.0 |       0 |      93 |   0.0 |  3079
         Elf:1 |       0 |   40983 |   0.0 |       0 |      66 |   0.0 |  2573
         Elf:2 |       0 |   39574 |   0.0 |       0 |      62 |   0.0 |  2465
         Elf:3 |       0 |   57143 |   0.0 |       0 |      54 |   0.0 |  2260
      Vaults:1 |       0 |   32459 |   0.0 |       0 |      53 |   0.0 |  1339
      Vaults:2 |       0 |   63755 |   0.0 |       0 |     109 |   0.0 |  2980
      Vaults:3 |       0 |    7687 |   0.0 |       0 |      17 |   0.0 |   167
       Crypt:1 |       0 |   20800 |   0.0 |       0 |      25 |   0.0 |  1550
       Crypt:2 |       0 |   23432 |   0.0 |       0 |      32 |   0.0 |  1519
       Crypt:3 |       0 |   95700 |   0.0 |       0 |     129 |   0.0 |  4370
       Abyss:4 |    8384 |    7463 |  52.9 |      15 |      13 |  53.6 |   557
           Lab |       0 |    1051 |   0.0 |       0 |       1 |   0.0 |   429
       Volcano |       0 |    4642 |   0.0 |       0 |      15 |   0.0 |   672
               +---------+---------+-------+---------+---------+-------+---------
